 Dungeon Crawl Stone Soup version 0.22.1-6-g1668fe2 (console) character file.

28385 erker the Severer (level 13, -5/79 HPs)
             Began as a Gargoyle Fighter on Jan 29, 2019.
             Was the Champion of Okawaru.
             Slain by Rupert
             ... wielding a +4 battleaxe of chopping
              (26 damage)
             ... on level 13 of the Dungeon.
             The game lasted 00:53:43 (11620 turns).

erker the Severer (Gargoyle Fighter)               Turns: 11620, Time: 00:53:44

Health: -5/79      AC: 23    Str: 28    XL:     13   Next: 38%
Magic:  4/5        EV: 22    Int:  4    God:    Okawaru [******]
Gold:   867        SH:  0    Dex: 20    Spells: 12/12 levels left

rFire    . . .     SeeInvis +   a - +0 battleaxe (antimagic)
rCold    + . .     Gourm    .   (shield currently unavailable)
rNeg     + . .     Faith    +   F - +1 ring mail of Sunlight {+Inv rElec MR+ Dex+6}
rPois    ∞         Spirit   .   V - +1 hat "Titusang" {rC+ Regen+ Int-5}
rElec    +         Reflect  .   L - scarf {repulsion}
rCorr    .         Harm     .   u - +1 pair of gloves {archery}
MR       +....                  Y - +2 pair of boots {run}
Stlth    ++........             p - amulet of faith
HPRegen  0.63/turn              T - +3 ring of strength
MPRegen  0.09/turn              M - ring of see invisible

@: agile, very slightly contaminated, hasted, invisible, repel missiles, very
quick
A: negative energy resistance 1, electricity resistance, unbreathing,
petrification resistance, rot immunity, AC +9
a: Heroism, Finesse, Renounce Religion


You were on level 13 of the Dungeon.
You worshipped Okawaru.
Okawaru was exalted by your worship.
You were hungry.

You visited 2 branches of the dungeon, and saw 14 of its levels.

You collected 1070 gold pieces.
You spent 203 gold pieces at shops.

Inventory:

Hand Weapons
 a - a +0 antimagic battleaxe (weapon)
 b - a +0 war axe
 s - a +2 scimitar of flaming
 w - a +0 arbalest
 I - a +2 flail of draining
 R - the +6 flail of the Lame Duck {freeze, +Rage rC+}
   (You took it off a centaur warrior on level 13 of the Dungeon)

   It has been specially enchanted to freeze those struck by it, causing extra
   injury to most foes and up to half again as much damage against particularly
   susceptible opponents.
   It can also slow down cold-blooded creatures.
   It protects you from cold.
   It lets you go berserk.
Missiles
 g - 7 poisoned needles
 j - 137 bolts
 m - 12 javelins (quivered)
Armour
 t - a +0 cloak of invisibility
 u - a +1 pair of gloves of archery (worn)
 F - the +1 ring mail of Sunlight (worn) {+Inv rElec MR+ Dex+6}
   (You found it on level 5 of the Dungeon)

   It affects your dexterity (+6).
   It insulates you from electricity.
   It affects your resistance to hostile enchantments.
   It lets you turn invisible.
 L - a scarf of repulsion (worn)
 V - the +1 hat "Titusang" (worn) {rC+ Regen+ Int-5}
   (Okawaru gifted it to you on level 11 of the Dungeon)

   It affects your intelligence (-5).
   It protects you from cold.
   It increases your rate of regeneration.
 Y - a +2 pair of boots of running (worn)
Jewellery
 p - an amulet of faith (around neck)
 q - an uncursed ring of fire
 y - an uncursed amulet of the acrobat
 D - an uncursed ring of magical power {unknown}
 E - an uncursed ring of protection from cold
 M - a ring of see invisible (right hand)
 O - an uncursed amulet of magic regeneration {unknown}
 T - a +3 ring of strength (left hand)
 U - a cursed amulet of inaccuracy {unknown}
 X - an uncursed ring of protection from cold
Wands
 k - a wand of polymorph (9)
 N - a wand of enslavement (21)
 S - a wand of disintegration (12)
Scrolls
 d - 2 scrolls of remove curse
 h - a scroll of magic mapping
 i - 2 scrolls of identify
 n - 4 scrolls of immolation
 o - 2 scrolls of fear {unknown}
 r - 2 scrolls of enchant armour {unknown}
 v - a scroll of enchant weapon {unknown}
 z - 3 scrolls of teleportation {unknown}
 C - a scroll of blinking {unknown}
 P - 2 scrolls of amnesia {unknown}
 W - a scroll of brand weapon {unknown}
 Z - a scroll of acquirement {unknown}
Potions
 e - a potion of ambrosia
 l - a potion of degeneration
 x - a potion of brilliance
 H - 3 potions of flight
 J - a potion of curing
 K - a potion of might
 Q - a potion of mutation
Miscellaneous
 G - a lightning rod (3/4)
Comestibles
 c - 5 chunks of flesh
 f - 19 rations


   Skills:
 + Level 8.6 Fighting
 * Level 15.1 Axes
 * Level 1.1 Crossbows
 + Level 6.8 Armour
 * Level 7.7 Dodging
   Level 3.2 Shields
 * Level 0.6 Invocations
 - Level 6.0 Evocations


You had 12 spell levels left.
You didn't know any spells.
Your spell library contained the following spells:

 Spells                   Type           Power        Failure   Level  Hunger
 Magic Dart               Conj           #...         63%         1    ##.....
 Summon Small Mammal      Summ           #...         63%         1    ##.....
 Blink                    Tloc           N/A          77%         2    ###....
 Call Imp                 Summ           #.......     77%         2    ###....
 Slow                     Hex            #.......     77%         2    ###....
 Call Canine Familiar     Summ           #.......     94%         3    ####...
 Conjure Flame            Conj/Fire      #.......     94%         3    ####...
 Mephitic Cloud           Conj/Pois/Air  #.......     94%         3    ####...
 Summon Guardian Golem    Hex/Summ       #.......     94%         3    ####...
 Summon Ice Beast         Ice/Summ       #.......     100%        4    #####..
 Summon Lightning Spire   Summ/Air       #.......     100%        4    #####..


Dungeon Overview and Level Annotations

Branches:
Dungeon (13/15)            Temple (1/1) D:7            Lair (0/6) D:11
    Orc (0/2) D:12         Vaults (0/5) D:13

Altars:
Cheibriados
Dithmenos
Elyvilon
Fedhas
Gozag
Kikubaaqudgha
Makhleb
Nemelex Xobeh
Okawaru
Qazlal
Ru
Sif Muna
Trog
Uskayaw
Wu Jian
Xom
Yredelemnul
Zin
The Shining One

Shops:
D:4 [   D:10 :**}:

Annotations:
D:12 2 transporters, Sharpo's ghost, journeyman GrFi
D:13 Rupert


Innate Abilities, Weirdness & Mutations

You are resistant to torment.
Your stone body is resilient. (AC +9)
You are immune to poison.
You resist negative energy. (rN+)
You are resistant to electric shocks. (rElec)
You can survive without breathing.
You are immune to petrification.
You are immune to rotting.


Message History

Rupert is lightly wounded.
Rupert barely misses you.
You closely miss Rupert.
Rupert is lightly wounded.
Rupert hits you with a battleaxe of chopping.
You slash Rupert!
Rupert's magic leaks into the air.
Rupert is lightly wounded.
Rupert hits you with a battleaxe of chopping!!
You hit Rupert but do no damage.
Rupert is lightly wounded.
Rupert hits you with a battleaxe of chopping!!
* * * LOW HITPOINT WARNING * * *
x2
Okay, then.
Unknown command.
Unknown command.
You feel agile all of a sudden. Rupert closely misses you.
You feel yourself speed up. Rupert completely misses you.
Rupert hits you with a battleaxe of chopping!!
You die...

.# .# . .............
.##.....#............# ##
###..................##...
###.......................
##........................
..........................
..........................
................@.........
................@<∩.......
..........)......><.......
.....#....................
.#...#............).......
.#...#.................#..
.#...(............(.......
##.((...................#.
##..................#####


You could see Rupert (berserk).

Vanquished Creatures
  3 ettins (D:12)
  2 centaur warriors (D:13)
  2 two-headed ogres
  A deep elf knight (D:12)
  A phantasmal warrior (D:12)
  An orc knight (D:12)
  2 deep elf magi
  An ugly thing (D:12)
  2 wolf spiders
  2 manticores
  2 cyclopes (D:12)
  2 efreet (D:12)
  A wind drake (D:13)
  5 slime creatures (D:12)
  5 trolls
  6 hippogriffs
  A meliai zombie (D:10)
  A spriggan (D:8)
  A shadow (D:12)
  A spriggan (shapeshifter) (D:13)
  A wraith (D:12)
  4 wyverns
  A vampire (D:12)
  14 humans (D:13)
  13 yaks
  A basilisk (D:12)
  A hungry ghost (D:9)
  A vampire mosquito (D:12)
  3 wargs (D:11)
  An acid dragon (D:13)
  A water moccasin (D:5)
  Edmund (D:6)
  3 orc warriors
  An eye of draining (D:12)
  6 sky beasts
  5 ice beasts
  4 phantoms
  A swamp drake (D:7)
  An eye of draining (shapeshifter) (D:13)
  A necrophage (D:12)
  7 ogres
  9 centaurs
  A crocodile (D:12)
  5 big kobolds
  12 bullfrogs
  A water moccasin zombie (D:10)
  A wyvern skeleton (D:6)
  6 scorpions
  17 killer bees
  10 wights
  2 howler monkeys
  4 crimson imps
  2 quasits
  3 hounds
  2 jellies
  7 orc priests
  5 centaur skeletons
  A gnoll shaman (D:6)
  16 orc wizards
  4 iguanas
  11 worker ants
  A hound zombie (D:11)
  A hound skeleton (D:9)
  A worker ant zombie (D:7)
  11 gnolls
  12 adders
  3 shadow imps
  4 oozes
  2 adder skeletons
  An adder zombie (D:8)
  A worm (D:3)
  2 dart slugs
  7 leopard geckos
  47 orcs
  3 ball pythons
  4 giant cockroaches
  9 goblins
  11 hobgoblins
  30 kobolds
  6 quokkas
  6 bats
  7 frilled lizards
  A jackal skeleton (D:5)
  A leopard gecko skeleton (D:4)
  A quokka skeleton (D:7)
  12 rats
416 creatures vanquished.

Vanquished Creatures (others)
  An unseen horror (D:13)
  A soldier ant (D:10)
  A killer bee (D:11)
3 creatures vanquished.

Grand Total: 419 creatures vanquished

Notes
Turn   | Place    | Note
-------+----------+-------------------------------------------
     0 | D:1      | erker the Gargoyle Fighter began the quest for the Orb.
     0 | D:1      | Reached XP level 1. HP: 14/14 MP: 1/1
   180 | D:1      | Reached XP level 2. HP: 13/19 MP: 2/2
   185 | D:1      | Reached skill level 2 in Axes
   608 | D:2      | Reached XP level 3. HP: 20/23 MP: 3/3
   721 | D:2      | Reached skill level 1 in Dodging
   737 | D:2      | Reached XP level 4. HP: 26/29 MP: 4/4
   830 | D:2      | Reached skill level 3 in Axes
  1156 | D:2      | Reached XP level 5. HP: 31/33 MP: 5/5
  1283 | D:3      | Found a faded altar of an unknown god.
  1289 | D:3      | Reached skill level 4 in Axes
  1401 | D:3      | Found a glowing golden altar of the Shining One.
  1443 | D:3      | Reached XP level 6. HP: 31/38 MP: 6/6
  1455 | D:3      | Found a white marble altar of Elyvilon.
  2183 | D:4      | Found Pilaff's Antique Armour Emporium.
  2209 | D:4      | Bought a pair of runed gloves for 135 gold pieces
  2261 | D:4      | Reached skill level 5 in Axes
  2285 | D:4      | Found an ancient bone altar of Kikubaaqudgha.
  2292 | D:4      | Found a sacrificial altar of Ru.
  2296 | D:4      | Reached XP level 7. HP: 43/43 MP: 7/7
  2297 | D:4      | Found a glowing silver altar of Zin.
  2893 | D:5      | Entered Level 5 of the Dungeon
  3076 | D:5      | Got a spiked ring mail
  3087 | D:5      | Identified the cursed +1 ring mail of Sunlight {+Inv rElec
                  | MR+ Dex+6} (You found it on level 5 of the Dungeon)
  3093 | D:5      | Found a sacrificial altar of Ru.
  3115 | D:5      | Reached skill level 6 in Axes
  3401 | D:5      | Reached XP level 8. HP: 21/48 MP: 8/8
  3532 | D:5      | Found a shimmering altar of Xom.
  3615 | D:6      | Reached skill level 7 in Axes
  4077 | D:6      | Noticed a wyvern
  4077 | D:6      | an orc warrior changed into a wyvern
  4080 | D:6      | Killed a wyvern
  4107 | D:6      | Reached skill level 5 in Armour
  4130 | D:6      | Found a bloodstained altar of Trog.
  4186 | D:6      | Reached skill level 8 in Axes
  4307 | D:6      | Reached skill level 5 in Fighting
  4327 | D:6      | Found an opulent altar of Gozag.
  4434 | D:6      | Reached XP level 9. HP: 54/54 MP: 9/9
  4491 | D:6      | Noticed Edmund
  4500 | D:6      | Killed Edmund
  4557 | D:6      | Found a sparkling altar of Nemelex Xobeh.
  4913 | D:6      | Reached skill level 9 in Axes
  5151 | D:7      | Found a staircase to the Ecumenical Temple.
  5166 | Temple   | Entered the Ecumenical Temple
  5197 | Temple   | Became a worshipper of Warmaster Okawaru
  5695 | D:8      | Reached * piety under Okawaru
  5855 | D:8      | Reached skill level 1 in Evocations
  5855 | D:8      | Reached skill level 10 in Axes
  5882 | D:8      | Reached XP level 10. HP: 26/60 MP: 10/10
  5883 | D:8      | Reached ** piety under Okawaru
  6220 | D:8      | Found a deep blue altar of Sif Muna.
  6407 | D:9      | Found a basalt altar of Yredelemnul.
  6527 | D:9      | Reached skill level 5 in Dodging
  6716 | D:9      | Reached *** piety under Okawaru
  6944 | D:9      | Reached skill level 11 in Axes
  6959 | D:9      | Found a blossoming altar of Fedhas.
  7144 | D:10     | Entered Level 10 of the Dungeon
  7144 | D:10     | Found Xydghuto's Book Shoppe.
  7533 | D:10     | Found Kismus's Gadget Emporium.
  7562 | D:10     | Reached **** piety under Okawaru
  7578 | D:10     | Found Ruyxoygg's General Store.
  7604 | D:10     | Bought a scroll of identify for 34 gold pieces
  7604 | D:10     | Bought a scroll of identify for 34 gold pieces
  7667 | D:10     | Noticed a two-headed ogre
  7699 | D:10     | Killed a two-headed ogre
  7824 | D:10     | Reached XP level 11. HP: 37/65 MP: 13/13
  7839 | D:10     | Found Rifucaw's Book Boutique.
  7874 | D:10     | Found Teozxyth's General Store.
  8360 | D:11     | Reached ***** piety under Okawaru
  8435 | D:11     | Reached skill level 12 in Axes
  8457 | D:11     | Received a gift from Okawaru
  8466 | D:11     | Got a smoking hat {god gift}
  8477 | D:11     | Identified the +1 hat "Titusang" {rC+ Regen+ Int-5}
                  | (Okawaru gifted it to you on level 11 of the Dungeon)
  8492 | D:11     | Found a staircase to the Lair.
  9060 | D:11     | Noticed a manticore
  9070 | D:11     | Killed a manticore
  9358 | D:12     | Noticed a cyclops
  9393 | D:12     | Killed a cyclops
  9417 | D:12     | Noticed a wolf spider
  9430 | D:12     | Killed a wolf spider
  9685 | D:12     | Noticed a purple ugly thing
  9702 | D:12     | Killed a purple ugly thing
  9702 | D:12     | Received a gift from Okawaru
  9702 | D:12     | Reached skill level 13 in Axes
  9709 | D:12     | Identified a +2 pair of boots of running (Okawaru gifted it
                  | to you on level 12 of the Dungeon)
  9732 | D:12     | Reached XP level 12. HP: 67/72 MP: 15/15
  9776 | D:12     | Found a transporter.
  9779 | D:12     | Noticed Sharpo's ghost (journeyman GrFi)
  9802 | D:12     | Found a transporter.
  9928 | D:12     | Noticed a deep elf knight
  9948 | D:12     | Killed a deep elf knight
 10049 | D:12     | Found a staircase to the Orcish Mines.
 10347 | D:12     | Reached skill level 5 in Evocations
 10551 | D:12     | Noticed an ettin
 10552 | D:12     | Received a gift from Okawaru
 10639 | D:12     | Reached skill level 14 in Axes
 10786 | D:12     | Noticed an ettin
 10792 | D:12     | Killed an ettin
 10792 | D:12     | Reached ****** piety under Okawaru
 10828 | D:12     | Killed an ettin
 10829 | D:12     | Noticed an ettin
 10835 | D:12     | Killed an ettin
 11078 | D:13     | Reached XP level 13. HP: 64/78 MP: 5/17
 11149 | D:13     | HP: 1/78 [centaur warrior/arrow (10)]
 11337 | D:13     | Received a gift from Okawaru
 11345 | D:13     | HP: 3/79 [wolf spider (3)]
 11378 | D:13     | Reached skill level 15 in Axes
 11401 | D:13     | Reached skill level 1 in Crossbows
 11404 | D:13     | Got a crude flail {freeze}
 11432 | D:13     | Identified the +6 flail of the Lame Duck {freeze, +Rage
                  | rC+} (You took it off a centaur warrior on level 13 of the
                  | Dungeon)
 11433 | D:13     | Noticed Rupert
 11542 | D:13     | Found a gate to the Vaults.
 11620 | D:13     | Slain by Rupert

Skill      XL: |  1  2  3  4  5  6  7  8  9 10 11 12 13 |
---------------+----------------------------------------+-----
Axes           | 2 3 4 5 6 8 10 11 13 14 15 | 15.1
Dodging        | 1 2 3 4 5 6 7 |  7.7
Armour         | 4 5 6 |  6.8
Fighting       | 4 5 6 7 8 |  8.6
Evocations     | 1 3 4 5 6 |  6.0
Crossbows      | 1 |  1.1
Shields        | |  3.2
Invocations    | |  0.6

Action                   |  1- 3 |  4- 6 |  7- 9 | 10-12 | 13-15 || total
-------------------------+-------+-------+-------+-------+-------++-------
Melee: War axe           |   141 |   227 |   362 |   869 |       ||  1599
       Battleaxe         |       |       |       |    38 |   111 ||   149
Throw: Javelin           |       |     1 |     4 |    26 |    18 ||    49
Invok: Heroism           |       |       |       |     1 |       ||     1
 Abil: Evoke Invisibilit |       |       |       |     2 |     1 ||     3
Evoke: Wand              |       |       |     6 |     8 |     6 ||    20
       Lightning rod     |       |       |       |     6 |       ||     6
  Use: Potion            |       |     1 |     1 |     2 |     8 ||    12
       Scroll            |       |       |     4 |    10 |       ||    14
 Stab: Invisible         |       |       |       |     4 |       ||     4
  Eat: Chunk             |       |     6 |    11 |    21 |     2 ||    40
Armor: Scale mail        |    23 |       |       |       |       ||    23
       Chain mail        |    64 |   163 |    15 |     2 |       ||   244
       Ring mail         |       |       |   172 |   362 |    85 ||   619
Dodge: Dodged            |    46 |    70 |   188 |   316 |   123 ||   743
       Deflected         |       |       |       |       |     7 ||     7
Block: Shield            |    74 |   133 |   128 |    36 |       ||   371
       Large shield      |       |       |   151 |   690 |       ||   841
